 Dungeon Crawl Stone Soup version 0.29-a0-919-gd064cfad1c (webtiles) character file.

Game seed: 17707262749169308563

132 quixfox the Digger (level 5, -1/28 HPs)
             Began as a Gargoyle Earth Elementalist on July 27, 2022.
             Slain by a hell rat (3 damage)
             ... in a sewer.
             The game lasted 00:07:19 (3042 turns).

quixfox the Digger (Gargoyle Earth Elementalist)    Turns: 3042, Time: 00:07:19

Health: -1/28      AC:  6    Str: 12    XL:     5   Next: 15%
Magic:  7/10       EV: 11    Int: 17    God:
Gold:   217        SH:  0    Dex: 10    Spells: 4/10 levels left

rFire   . . .      SeeInvis .   e - +0 whip
rCold   . . .      Faith    .   (no shield)
rNeg    + . .      Spirit   .   a - +0 robe
rPois   ∞          Reflect  .   (no helmet)
rElec   +          Harm     .   (no cloak)
rCorr   .          Rampage  .   (no gloves)
Will    .....                   (no boots)
Stlth   ++........              (no amulet)
HPRegen 0.09/turn               (no ring)
MPRegen 0.12/turn               (no ring)

@: no status effects
A: sickness immunity, AC +4, negative energy resistance 1, electricity
resistance, torment resistance 1, petrification resistance
a: no special abilities


You were in a sewer.
You visited 1 branch of the dungeon, and saw 4 of its levels.
You also visited: Sewer.

You collected 217 gold pieces.

Inventory:

Hand Weapons
 e - a +0 whip (weapon)
Armour
 a - a +0 robe (worn)
Scrolls
 d - 3 scrolls of identify
 h - a scroll of acquirement {unknown}
 i - a scroll of teleportation
 j - a scroll of enchant weapon {unknown}
 k - a scroll of butterflies {unknown}
 l - 3 scrolls of magic mapping {unknown}
 n - a scroll of immolation {unknown}
Potions
 b - 2 potions of magic
 c - 3 potions of heal wounds
 f - a potion of attraction
 g - a potion of flight
 m - a potion of lignification


   Skills:
 - Level 1.5 Dodging
 - Level 2.1 Stealth
 + Level 3.3 Spellcasting
 + Level 2.1 Conjurations
 - Level 0.7 Transmutations
 + Level 5.0 Earth Magic


You had 4 spell levels left.
You knew the following spells:

 Your Spells              Type           Power      Damage    Failure   Level
a - Sandblast             Erth           40%        2d10      1%          1
b - Passwall              Tmut/Erth      10%        N/A       8%          2
c - Stone Arrow           Conj/Erth      30%        3d8       12%         3

Your spell library contained the following spells:

 Spells                   Type           Power      Damage    Failure   Level
 Confusing Touch          Hex            2%         N/A       45%         3
 Petrify                  Tmut/Erth      12%        N/A       45%         4
 Leda's Liquefaction      Hex/Erth       5%         N/A       52%         4
 Lee's Rapid Deconstruct  Erth           10%        3d9*      50%         5
 Yara's Violent Unravell  Hex/Tmut       2%         3d3       99%         5
 Enfeeble                 Hex            1%         N/A       100%        7
 Statue Form              Tmut/Erth      Unusable   N/A       N/A         6

Dungeon Overview and Level Annotations

Branches:
Dungeon (4/15)              Sewer (1/1)
 Temple: D:4-7

Altars:

Shops:
D:1 !


Innate Abilities, Weirdness & Mutations

You are immune to sickness and miasma.
Your stone body is resilient. (AC +4)
You are immune to poison.
You resist negative energy. (rN+)
You are resistant to electric shocks. (rElec)
You are resistant to unholy torment.
You are immune to petrification.


Message History

Press: ? - help, Q - select action, (/) - cycle Shift-Dir - straight line, f/p - river rat
Aim: a river rat (severely wounded, 80% to hit)
The blast of sand hits the river rat.
You kill the river rat!
You start resting.
Magic restored.
You start resting.
HP restored.
You enter the shallow water.
Moving in this stuff is going to be slow.
You enter the shallow water.
Moving in this stuff is going to be slow.
You enter the shallow water.
Moving in this stuff is going to be slow.
You open the door.
A hell rat comes into view.
Found six items.
Found a gate leading back out of this place.
Aiming: Sandblast (safe; 1% risk of failure)
Press: ? - help, Q - select action, (/) - cycle Shift-Dir - straight line, f - hell rat
Aim: a hell rat (asleep, 100% to hit)
The blast of sand hits the hell rat.
The hell rat is moderately wounded.
The hell rat roars deafeningly!
Aiming: Sandblast (safe; 1% risk of failure)
Press: ? - help, Q - select action, (/) - cycle Shift-Dir - straight line, f/p - hell rat
Aim: a hell rat (moderately wounded, 83% to hit)
The blast of sand hits the hell rat but does no damage.
The hell rat is moderately wounded.
The hell rat bites you!
Ouch! That really hurt!
Aiming: Sandblast (safe; 1% risk of failure)
Press: ? - help, Q - select action, (/) - cycle Shift-Dir - straight line, f/p - hell rat
Aim: a hell rat (moderately wounded, 83% to hit)
The blast of sand hits the hell rat but does no damage.
The hell rat is moderately wounded.
The hell rat bites you!
* * * LOW HITPOINT WARNING * * *
The hell rat bites you.
You die...

###.≈≈≈.∩≈≈≈≈≈###
#≈≈.†≈#####.≈≈.≈#
##≈≈≈###?∩}###≈.≈##
#.≈≈##≈!!!!"≈##≈≈≈#
#...# ≈≈≈≈≈≈. #≈≈≈#
#≈≈†## ≈≈≈≈≈ ##≈≈≈#
##≈..###.≈.###..≈##
#.≈≈≈≈##r##≈≈≈.≈#
###.≈..≈@≈....###
###.≈≈≈≈÷.###
#########


You could see a hell rat.

Vanquished Creatures
  4 adders
  3 river rats (Sewer)
  3 worms
  2 dart slugs
  3 orcs (D:3)
  A ball python (D:1)
  3 bats
  4 endoplasms
  3 giant cockroaches
  5 goblins
  3 hobgoblins
  6 quokkas
  5 frilled lizards (D:1)
  4 kobolds
  12 rats
61 creatures vanquished.

Notes
Turn   | Place    | Note
-------+----------+-------------------------------------------
     0 | D:1      | quixfox the Gargoyle Earth Elementalist began the quest for
                  | the Orb.
     0 | D:1      | Reached XP level 1. HP: 10/10 MP: 3/3
     2 | D:1      | Noticed a merfolk
     2 | D:1      | Noticed a minotaur
     4 | D:1      | Noticed a gargoyle
     4 | D:1      | Noticed a vampire
     6 | D:1      | Noticed a felid
    10 | D:1      | Noticed a demonspawn
    12 | D:1      | Noticed a tengu
    14 | D:1      | Noticed a human
    14 | D:1      | Noticed a formicid
    16 | D:1      | Noticed a vine stalker
    16 | D:1      | Noticed a troll
    18 | D:1      | Noticed an ogre
    18 | D:1      | Noticed a dwarf
    20 | D:1      | Noticed an elf
    20 | D:1      | Noticed a naga
    22 | D:1      | Noticed an octopode
    22 | D:1      | Noticed a spriggan
    24 | D:1      | Noticed a demigod
    24 | D:1      | Noticed a draconian
    26 | D:1      | Noticed a ghoul
   192 | D:1      | Reached XP level 2. HP: 15/15 MP: 3/5
   225 | D:1      | Reached skill level 4 in Earth Magic
   640 | D:1      | Found Olucriff's Distillery.
   797 | D:1      | Reached XP level 3. HP: 19/19 MP: 3/6
   800 | D:1      | Learned a level 2 spell: Passwall
   804 | D:1      | Learned a level 3 spell: Stone Arrow
  1004 | D:2      | Found a faded altar of an unknown god.
  1460 | D:2      | Reached skill level 1 in Conjurations
  1889 | D:3      | Reached XP level 4. HP: 24/24 MP: 6/8
  2754 | D:4      | Found a glowing drain.
  2759 | Sewer    | Entered a sewer
  2801 | Sewer    | Reached skill level 5 in Earth Magic
  2821 | Sewer    | Reached XP level 5. HP: 26/28 MP: 5/9
  3042 | Sewer    | Slain by a hell rat

Illustrated notes

Levels and vault maps discovered:
D:1:      kb_arrival_jail, layout_basic, serial_shops, nicolae_shop_statue_plus
D:2:      layout_loops_ring, ebering_ecumenical_altar_hall, nicolae_wormholes
D:3:      layout_loops_ring, minmay_misc_feat_rugged, minivault_11
D:4:      layout_rooms, lemuel_blue_sif_altar, serial_shops, nicolae_shop_stone,
          gup_sewer_entry_bowl
Sewer:    sewer_hellmonk_bad_rat

Skill      XL: |  1  2  3  4 |
---------------+-------------+-----
Earth Magic    | 4 5 |  5.0
Conjurations   | 1 2 |  2.1
Spellcasting   | 3 |  3.3
Dodging        | |  1.5
Stealth        | |  2.1
Transmutations | |  0.7

Action                   |  1- 3 |  4- 6 || total
-------------------------+-------+-------++-------
Melee: Unarmed           |     1 |       ||     1
 Cast: Sandblast         |    53 |    50 ||   103
  Use: Scroll            |       |     5 ||     5
Armor: Robe              |    11 |    10 ||    21
Dodge: Dodged            |    18 |    17 ||    35

Table legend: (Time is in decaauts)
 A = Elapsed time spent in this place.
 B = Non-inter-level travel time spent in this place.
 C = Inter-level travel time spent in this place.
 D = Time resting spent in this place.
 E = Time spent auto-exploring this place.
 F = Levels seen in this place.
 G = Mean time per level.
                   A        B        C        D        E       F      G
               +--------+--------+--------+--------+--------+-----+--------+
         Total |   3160 |   3045 |    115 |    298 |   2255 |   5 |  632.0 |
       Dungeon |   2846 |   2731 |    115 |     79 |   2255 |   4 |  711.5 |
         Sewer |    314 |    314 |      0 |    219 |      0 |   1 |  314.0 |
               +--------+--------+--------+--------+--------+-----+--------+

Top non-repeatable levels by time:
     D:1: 928 daAuts
     D:3: 923 daAuts
     D:2: 818 daAuts
   Sewer: 314 daAuts
     D:4: 175 daAuts
